[Event "Team 45 45 League T40"]
[Site "Internet Chess Club"]
[Date "2009.02.25"]
[Round "5"]
[White "chips"]
[Black "KingOfHearts"]
[Result "1/2-1/2"]
[WhiteElo "1211"]
[BlackElo "1247"]
[Opening "Queen's bishop game"]
[ECO "D02"]
[Time "22:01:37"]
[TimeControl "2700+45"]

1. d4 d5 2. Nf3 Nf6 3. Bf4 Nc6 4. e3 Bg4 5. Be2 e6 6. Nc3 a6 7. Ne5 Bxe2 8. Qxe2
Bd6 9. Nxc6 bxc6 10. Bg5 O-O 11. Bxf6 Qxf6 12. Qf3 Qe7 13. O-O c5 14. Ne2 c4 15.
c3 Rab8 16. Rab1 Rb6 17. Rfc1 Rfb8 18. Rc2 c6 19. Ng3 Ba3 20. Qe2 Bd6 21. Qf3 c5
22. Qg4 cxd4 23. cxd4 Ba3 24. Qe2 e5 25. Nf5 Qg5 26. g4 Rf6 27. Qf3 Rbb6 28.
dxe5 Rg6 29. h3 h5 30. Kf1 hxg4 31. hxg4 Rb4 32. b3 Rb5 33. Qh3 Qxg4 34. Qxg4
Rxg4 35. Ne7+ Kf8 36. Nc6 Rh4 37. Ke2 Rb6 38. Nd4 Ke7 39. Nf5+ Ke6 40. Nxh4 Kxe5
41. Nf3+ Ke4 42. Ng5+ Kf5 43. Nxf7 Ke6 44. Ng5+ Kf5 45. Nf3 Ke4 46. Nd2+ Ke5 47.
f4+ Kf5 48. Nf3 g6 49. Rd2 Ke6 50. Ng5+ Kd6 51. e4 Bb4 52. Rxd5+ Kc6 53. bxc4 a5
54. Ne6 a4 55. f5 g5 56. Nxg5 Be7 57. Ne6 Rxb1 58. Rd2 Bf6 59. Nf4 Bc3 60. Rc2
Re1+ 61. Kd3 Be5 62. Ng6 Bf6 63. Re2 Rb1 64. e5 Bd8 65. e6 Rb8 66. Ne5+ Kd6 67.
Nf7+ Ke7 68. Nxd8 Rxd8+ 69. Kc3 Kf6 70. Rf2 Rb8 71. Rb2 Ra8 72. Rf2 Rb8 73. Rf4
a3 74. c5 Rb2 75. c6 Rxa2 76. c7 Rb2 77. c8=Q Rc2+ 78. Kb3 Rxc8 79. Kxa3 Re8 80.
Kb4 Ke5 81. Rf1 Rc8 82. e7 Kf6 83. Re1 Re8 84. Re6+ Kxf5 85. Re1 Kf6 86. Kc5
Rxe7 87. Rxe7 Kxe7 {Game drawn because neither player has mating material}
1/2-1/2

[Event "Team 45 45 League T40"]
[Site "Internet Chess Club"]
[Date "2009.02.26"]
[Round "5"]
[White "rookmaster23"]
[Black "albacore"]
[Result "1/2-1/2"]
[WhiteElo "1301"]
[BlackElo "1364"]
[Opening "Old Benoni defense"]
[ECO "A43"]
[Time "20:00:33"]
[TimeControl "2700+45"]

1. d4 c5 2. dxc5 e5 3. e4 Bxc5 4. Nf3 d6 5. Nc3 a6 6. a3 Nf6 7. b4 Ba7 8. Bg5
Qc7 9. Nd5 Nxd5 10. exd5 Qc3+ 11. Bd2 Qc7 12. c4 O-O 13. Bd3 Nd7 14. O-O Re8 15.
Re1 Nf6 16. Qc2 Bg4 17. Ng5 g6 18. h3 Bd7 19. h4 Ng4 20. Be3 Nxe3 21. fxe3 Qc8
22. h5 Bf5 23. Qf2 Qd7 24. hxg6 fxg6 25. Bxf5 Qxf5 26. Qh4 Re7 27. Kh1 Rf8 28.
Ne4 Qh5 29. Qxh5 gxh5 30. Nxd6 e4 31. c5 Bb8 32. Nc4 Rf2 33. Rf1 Rc2 34. Nb6 Rg7
35. Rg1 Bg3 36. Rac1 Re2 37. Rc3 Bf2 38. Rd1 Bxe3 39. d6 Rgxg2 40. Rxe3 Rh2+ 41.
Kg1 Reg2+ 42. Kf1 Rf2+ 43. Ke1 Rfg2 44. Kf1 Rf2+ {Game drawn by mutual
agreement} 1/2-1/2

[Event "Team 45 45 League T40"]
[Site "Internet Chess Club"]
[Date "2009.03.01"]
[Round "5"]
[White "Glassywoman"]
[Black "Prop"]
[Result "0-1"]
[WhiteElo "1424"]
[BlackElo "1377"]
[Opening "Two knights defense"]
[ECO "C55"]
[Time "13:13:52"]
[TimeControl "2700+45"]

1. e4 e5 2. Bc4 Nf6 3. Nf3 Nc6 4. Bxf7+ Kxf7 5. Ng5+ Kg8 6. d3 d5 7. h3 dxe4 8.
c3 Qxd3 9. Qb3+ Nd5 10. Nd2 e3 11. Nde4 h6 12. Bxe3 hxg5 13. Nxg5 Na5 14. Rd1
Nxb3 15. Rxd3 Nxe3 16. Rxe3 Nc5 17. O-O Bd6 18. b4 Ne6 19. Ne4 b5 20. Rg3 Rh6
21. Rd1 Be7 22. a3 Bb7 23. Nd2 Rd8 24. Kf1 Bg5 25. Ke2 Rxd2+ 26. Rxd2 Bxd2 27.
Kxd2 Nf4 {White resigns} 0-1

[Event "Team 45 45 League T40"]
[Site "Internet Chess Club"]
[Date "2009.03.01"]
[Round "5"]
[White "BosqueVerde"]
[Black "Kalar-Yadwa"]
[Result "0-1"]
[WhiteElo "1235"]
[BlackElo "1341"]
[Opening "Nimzo-Indian: classical, Milner-Barry (Zurich) variation"]
[ECO "E33"]
[Time "13:06:20"]
[TimeControl "2700+45"]

1. d4 Nf6 2. c4 e6 3. Nc3 Bb4 4. Qc2 Nc6 5. Nf3 d6 6. a3 Bxc3+ 7. Qxc3 O-O 8.
Bg5 Re8 9. e3 h6 10. Bxf6 Qxf6 11. Bd3 e5 12. dxe5 Nxe5 13. Nd2 Nxd3+ 14. Qxd3
Qxb2 15. Rb1 Qe5 16. O-O Bf5 17. e4 Bxe4 18. Nxe4 Qxe4 19. Qc3 Qc6 20. Qb4 b6
21. Rb3 a5 22. Qc3 Re4 23. Qf3 Rae8 24. Rc3 Qd7 25. h3 Qe6 26. Qh5 Qe5 27. Qf3
Qf6 28. Qg3 Re1 29. a4 Rxf1+ 30. Kxf1 Qe5 31. Qxe5 Rxe5 32. f3 Kf8 33. Kf2 Ke7
34. g4 Kd7 35. Re3 f6 36. f4 Rc5 37. Re4 d5 38. cxd5 Rxd5 39. Ke3 g6 40. Rd4 Kd6
41. h4 c5 42. Rxd5+ Kxd5 43. Kd3 f5 44. g5 h5 45. Kc3 c4 46. Kc2 Kd4 47. Kd2 c3+
48. Kc2 Kc4 49. Kb1 Kb3 50. Kc1 Kxa4 51. Kc2 Kb4 52. Kc1 a4 53. Kb1 Kc4 54. Kc2
a3 55. Kb1 Kd3 56. Kc1 a2 57. Kd1 a1=Q# {White checkmated} 0-1

[Event "Team 45 45 League T40"]
[Site "Internet Chess Club"]
[Date "2009.02.27"]
[Round "5"]
[White "JustinZ"]
[Black "WzeroMN"]
[Result "0-1"]
[WhiteElo "1237"]
[BlackElo "1247"]
[Opening "Ruy Lopez: Möller defense"]
[ECO "C78"]
[Time "14:05:30"]
[TimeControl "2700+45"]

1. e4 e5 2. Nf3 Nc6 3. Bb5 a6 4. Ba4 Nf6 5. O-O Bc5 6. c3 d6 7. d4 exd4 8. cxd4
Bb6 9. d5 Bd7 10. dxc6 Bxc6 11. Nc3 O-O 12. e5 Bxf3 13. Qxf3 dxe5 14. Qxb7 Ra7
15. Qf3 Bd4 16. Be3 c5 17. Bxd4 cxd4 18. Rad1 Qa5 19. Qc6 dxc3 20. bxc3 Rc7 21.
Qd6 Rxc3 22. Bb3 Rcc8 23. Rfe1 e4 24. Qd2 Qxd2 25. Rxd2 Rcd8 26. Rxd8 Rxd8 27.
Kf1 Re8 28. a4 a5 29. Rc1 Kf8 30. Ke2 Rb8 31. Rc3 g6 32. Ke3 Kg7 33. Bc2 Nd5+
{White resigns} 0-1

[Event "Team 45 45 League T40"]
[Site "Internet Chess Club"]
[Date "2009.02.28"]
[Round "5"]
[White "budugu"]
[Black "Portola"]
[Result "1-0"]
[WhiteElo "1558"]
[BlackElo "1702"]
[Opening "Ruy Lopez: closed, 9.h3"]
[ECO "C96"]
[Time "23:01:17"]
[TimeControl "2700+45"]

1. e4 e5 2. Nf3 Nc6 3. Bb5 a6 4. Ba4 Nf6 5. O-O Be7 6. Re1 b5 7. Bb3 O-O 8. c3
d6 9. h3 Na5 10. d4 Nxb3 11. Qxb3 exd4 12. cxd4 d5 13. e5 Ne4 14. Nc3 Nxc3 15.
bxc3 Be6 16. Ba3 Re8 17. Bxe7 Qxe7 18. a4 c6 19. Qa3 Qd7 20. Nd2 Bf5 21. f4 Bxh3
22. gxh3 Qxh3 23. Kf2 Qh2+ 24. Ke3 Qg3+ 25. Nf3 Qg6 26. Nd2 Qg3+ 27. Nf3 Qg6 28.
Qc1 Reb8 29. Rg1 Qe4+ 30. Kf2 b4 31. Rb1 b3 32. Rb2 Qd3 33. Qe3 Qc4 34. Ra1 a5
35. Nd2 Qa6 36. Qe2 Qc8 37. Qh5 g6 38. Qh6 Qf8 39. Qxf8+ Kxf8 40. Rab1 Kg7 41.
Rxb3 Rc8 42. Rb7 h6 43. e6 Kg8 44. Rxf7 Re8 45. Re1 Rab8 46. Rc7 Rb2 47. Re2 Ra2
48. Rxc6 Rxa4 49. Rc5 Ra1 50. Nb3 Rh1 51. Nxa5 Rh2+ 52. Kf3 Rxe2 53. Kxe2 Rxe6+
54. Kf3 Rd6 55. Rc6 Rxc6 56. Nxc6 Kf7 57. Ne5+ Kf6 58. Kg4 h5+ 59. Kf3 Kf5 60.
Nc6 Kf6 61. Kg3 Ke6 62. Kh4 Kf5 63. Ne7+ Kxf4 64. Nxd5+ Kf5 65. Ne3+ Ke4 66. d5
Ke5 67. c4 Kf6 68. c5 Ke7 69. Nc4 Kd7 70. Ne5+ Kc7 71. Nxg6 Kd7 72. Ne5+ Kc7 73.
Kxh5 Kd8 74. Kg6 Kc7 75. Kf6 Kd8 76. Ke6 Kc7 77. d6+ Kd8 78. d7 Kc7 79. Ke7
{Black resigns} 1-0

[Event "Team 45 45 League T40"]
[Site "Internet Chess Club"]
[Date "2009.02.27"]
[Round "5"]
[White "lisof"]
[Black "allanchs"]
[Result "1-0"]
[WhiteElo "1862"]
[BlackElo "1536"]
[Opening "Scotch game"]
[ECO "C45"]
[Time "16:00:09"]
[TimeControl "2700+45"]

1. e4 e5 2. Nf3 Nc6 3. d4 exd4 4. Nxd4 Bc5 5. Nxc6 bxc6 6. Qf3 d5 7. Nc3 Nf6 8.
Bg5 Be7 9. exd5 cxd5 10. Bb5+ Bd7 11. Bxf6 Bxf6 12. Bxd7+ Qxd7 13. Nxd5 Rd8 14.
O-O-O Bxb2+ 15. Kxb2 Qb5+ 16. Qb3 Qxb3+ 17. axb3 Rd7 18. Rd3 Kd8 19. Ra1 {Black
resigns} 1-0

[Event "Team 45 45 League T40"]
[Site "Internet Chess Club"]
[Date "2009.02.27"]
[Round "5"]
[White "g8wrb"]
[Black "Concordborn"]
[Result "0-1"]
[WhiteElo "1464"]
[BlackElo "1458"]
[Opening "Sicilian: Alapin's variation (2.c3)"]
[ECO "B22"]
[Time "15:01:48"]
[TimeControl "2700+45"]

1. e4 c5 2. c3 d5 3. exd5 Qxd5 4. d4 Nf6 5. Nf3 Nc6 6. Na3 Bg4 7. Bc4 Qe4+ 8.
Be3 a6 9. Bxf7+ Kd8 10. dxc5+ Kc7 11. O-O Rd8 12. Qc2 Bxf3 13. gxf3 Qxf3 14. Qf5
Qxf5 {White resigns} 0-1

[Event "Team 45 45 League T40"]
[Site "Internet Chess Club"]
[Date "2009.03.02"]
[Round "5"]
[White "clarinetref"]
[Black "BenjaminSisko"]
[Result "1-0"]
[WhiteElo "1642"]
[BlackElo "1545"]
[Opening "Réti opening"]
[ECO "A05"]
[Time "20:10:13"]
[TimeControl "2700+45"]

1. Nf3 Nf6 2. g3 d5 3. d4 e6 4. Bg2 b6 5. O-O Bb7 6. Nbd2 Be7 7. c4 c5 8. cxd5
exd5 9. Re1 O-O 10. Rb1 Ne4 11. dxc5 bxc5 12. Qb3 Qb6 13. Qc2 Nd7 14. Nxe4 dxe4
15. Ng5 Bxg5 16. Bxg5 Rfe8 17. Be3 Rac8 18. Red1 Bc6 19. b4 Qa6 20. Qb2 Rb8 21.
a3 cxb4 22. axb4 Qb5 23. Bd4 a5 24. bxa5 Qxa5 25. Qc2 Ba4 26. Rxb8 Bxc2 27.
Rxe8+ Nf8 28. Ra1 Qd5 29. Raa8 Qd6 30. Rxf8+ Qxf8 31. Rxf8+ Kxf8 32. f3 exf3 33.
exf3 f6 34. Kf2 Kf7 35. Ke2 g6 36. Kd2 Bb1 37. f4 h6 38. Bd5+ Ke7 39. Kc3 g5 40.
fxg5 fxg5 41. Bg7 h5 42. Kd4 h4 43. g4 Bc2 44. Bg2 Kf7 45. Bh8 Bd1 46. h3 Be2
47. Ke5 Kg6 48. Bf6 Bd3 49. Bd8 Be2 50. Be4+ Kh6 51. Kf5 Bf1 52. Bxg5+ Kg7 53.
Bxh4 Bxh3 54. Bf6+ Kh6 55. Bf3 Kh7 56. Kf4 Kg6 57. g5 Bf5 58. Bc6 Be6 59. Be4+
Kf7 60. Ke5 Ba2 61. g6+ Kf8 62. Bd5 Bxd5 63. Kxd5 Ke8 64. g7 Kf7 65. Ke5 Kg8 66.
Kf5 Kf7 67. Kg5 Kg8 68. Kh6 {Black resigns} 1-0

[Event "Team 45 45 League T40"]
[Site "Internet Chess Club"]
[Date "2009.03.02"]
[Round "5"]
[White "rayngrant"]
[Black "jazzyrick"]
[Result "0-1"]
[WhiteElo "1557"]
[BlackElo "1527"]
[Opening "Sicilian: Najdorf, 7...Be7"]
[ECO "B98"]
[Time "20:04:06"]
[TimeControl "2700+45"]

1. e4 c5 2. Nf3 d6 3. d4 cxd4 4. Nxd4 Nf6 5. Nc3 a6 6. Bg5 e6 7. f4 Be7 8. Qf3
h6 9. Bxf6 Bxf6 10. O-O-O Qc7 11. g4 Nc6 12. Nxc6 bxc6 13. Bc4 Bb7 14. Qd3 d5
15. exd5 cxd5 16. Bb3 Qxf4+ 17. Kb1 Bxc3 18. Ba4+ Qxa4 {White resigns} 0-1

[Event "Team 45 45 League T40"]
[Site "Internet Chess Club"]
[Date "2009.02.26"]
[Round "5"]
[White "Aquaman"]
[Black "kublai"]
[Result "1/2-1/2"]
[WhiteElo "1389"]
[BlackElo "1478"]
[Opening "French: Alapin variation"]
[ECO "C01"]
[Time "17:01:17"]
[TimeControl "2700+45"]

1. d4 e6 2. e4 d5 3. Be3 b6 4. Bd3 Ba6 5. Bxa6 Nxa6 6. Qd3 Nb8 7. Nf3 c5 8. c3
c4 9. Qc2 Be7 10. Nbd2 Nf6 11. Bg5 Nh5 12. Bxe7 Qxe7 13. e5 O-O 14. g3 Nd7 15.
h4 g6 16. O-O f6 17. Rae1 f5 18. Ng5 f4 19. g4 Ng7 20. Ndf3 Qe8 21. h5 h6 22.
Nh3 g5 23. b3 b5 24. b4 a5 25. a3 a4 26. Kh2 {Game drawn by mutual agreement}
1/2-1/2

[Event "Team 45 45 League T40"]
[Site "Internet Chess Club"]
[Date "2009.03.02"]
[Round "5"]
[White "CalyDeArgentina"]
[Black "playwaycool"]
[Result "0-1"]
[WhiteElo "1808"]
[BlackElo "2058"]
[Opening "QGD semi-Slav: Chigorin defense"]
[ECO "D46"]
[Time "15:04:11"]
[TimeControl "2700+45"]

1. d4 d5 2. c4 c6 3. Nc3 Nf6 4. e3 e6 5. Nf3 Nbd7 6. Bd3 Bd6 7. O-O O-O 8. b3
Qe7 9. Bb2 e5 10. dxe5 Nxe5 11. Nxe5 Qxe5 12. g3 Bg4 13. Qc2 Qh5 14. Rfe1 Bf3
15. Bf1 Ng4 16. h4 Qxh4 {White resigns} 0-1

[Event "Team 45 45 League T40"]
[Site "Internet Chess Club"]
[Date "2009.02.28"]
[Round "5"]
[White "carokantor"]
[Black "calily"]
[Result "1-0"]
[WhiteElo "1960"]
[BlackElo "1699"]
[Opening "Caro-Kann: Panov-Botvinnik attack, 5...e6"]
[ECO "B14"]
[Time "00:33:18"]
[TimeControl "2700+45"]

1. e4 c6 2. c4 d5 3. exd5 cxd5 4. d4 Nf6 5. Nc3 e6 6. Nf3 Be7 7. Bd3 Nc6 8. O-O
O-O 9. Re1 Qc7 10. c5 Bd7 11. a3 b6 12. b4 Rfc8 13. Ba6 Rcb8 14. Nb5 Qd8 15. Bf4
Bc8 16. Qa4 Bxa6 17. Qxa6 Qc8 18. Qa4 Rb7 19. Rac1 Qd7 20. Nd6 Bxd6 21. Bxd6 Rc8
22. b5 Na5 23. c6 Qxd6 24. cxb7 {Black resigns} 1-0

[Event "Team 45 45 League T40"]
[Site "Internet Chess Club"]
[Date "2009.02.27"]
[Round "5"]
[White "werty"]
[Black "Juan73"]
[Result "1-0"]
[WhiteElo "1519"]
[BlackElo "1622"]
[Opening "Queen's pawn game"]
[ECO "D04"]
[Time "08:03:31"]
[TimeControl "2700+45"]

1. d4 d5 2. Nf3 Nf6 3. e3 Nc6 4. Bd3 Nb4 5. c3 Nxd3+ 6. Qxd3 a6 7. O-O Bd7 8.
Re1 Bg4 9. Nbd2 e6 10. e4 dxe4 11. Nxe4 Bf5 12. Nxf6+ Qxf6 13. Qe2 Bd6 14. d5 h6
15. dxe6 Bxe6 16. Nd4 Kd7 17. Nxe6 Rae8 18. Nc5+ Bxc5 19. Rd1+ Kc8 20. Be3 Qe6
21. Re1 f5 22. Kf1 Bxe3 23. fxe3 Re7 24. a3 Rhe8 25. Rad1 Qxe3 26. Qxe3 Rxe3 27.
Rxe3 Rxe3 28. Kf2 Re4 29. Rd2 a5 30. Rd5 g6 31. Rxa5 Kd7 32. Rd5+ Kc6 33. Rd3 b6
34. b3 b5 35. h3 h5 36. Re3 Kd5 37. Rd3+ Ke6 38. Re3 Ke5 39. Rd3 Ke6 40. Re3
Rxe3 41. Kxe3 Ke5 42. a4 bxa4 43. bxa4 Kd5 44. Kf4 c5 45. a5 Kc6 46. Kg5 Kb5 47.
Kxg6 Kxa5 48. Kxh5 Kb5 49. Kg5 Kc4 50. h4 Kxc3 51. h5 Kd3 52. h6 c4 53. h7 c3
54. h8=Q c2 55. Qd8+ Ke4 56. Qd2 {Black resigns} 1-0

[Event "Team 45 45 League T40"]
[Site "Internet Chess Club"]
[Date "2009.03.01"]
[Round "5"]
[White "Klampin"]
[Black "Despair"]
[Result "1-0"]
[WhiteElo "2060"]
[BlackElo "1873"]
[Opening "Polish (Sokolsky) opening"]
[ECO "A00"]
[Time "06:09:48"]
[TimeControl "2700+45"]

1. b4 Nf6 2. Bb2 b5 3. e3 Bb7 4. Nf3 e6 5. a3 c6 6. d4 a5 7. bxa5 Qxa5+ 8. Nbd2
Be7 9. Bd3 d5 10. Qe2 Ne4 11. O-O Nc3 12. Bxc3 Qxc3 13. e4 O-O 14. exd5 cxd5 15.
Rab1 Qxa3 16. Rxb5 Ba6 17. Rb3 Qa2 18. c4 Nc6 19. c5 Bf6 20. Rb6 Bxd3 21. Qxd3
Ra3 22. Nb3 Nxd4 23. Nfxd4 Bxd4 24. Qxd4 Rxb3 25. Qe5 Rxb6 26. cxb6 Qa6 27. Rb1
Qb7 28. f4 Rd8 29. Qc7 Rb8 30. Kf2 h6 31. Ke3 Kh7 32. Qxb7 Rxb7 33. Kd4 g5 34.
fxg5 hxg5 35. Kc5 Rb8 36. b7 Kg6 37. Kc6 e5 38. Kxd5 e4 39. Kxe4 Kf6 40. Kd5 Ke7
41. Kc6 Kd8 42. Rd1+ Ke7 43. g4 Ke6 44. Re1+ Kf6 45. Kc7 Rf8 46. b8=Q Rxb8 47.
Kxb8 Kg7 48. Kc7 f5 49. Re5 Kf6 50. Rxf5+ Kg6 51. Kd7 Kh6 52. Ke6 Kg7 53. Rxg5+
Kh6 54. Kf6 Kh7 55. Kf7 {Black forfeits on time} 1-0

[Event "Team 45 45 League T40"]
[Site "Internet Chess Club"]
[Date "2009.02.26"]
[Round "5"]
[White "ThatsWatSheSaid"]
[Black "superbeast"]
[Result "0-1"]
[WhiteElo "1651"]
[BlackElo "1775"]
[Opening "Sicilian: Pelikan (Lasker/Sveshnikov) variation"]
[ECO "B33"]
[Time "18:00:08"]
[TimeControl "2700+45"]

1. e4 c5 2. Nf3 Nc6 3. d4 cxd4 4. Nxd4 Nf6 5. Nc3 e5 6. Ndb5 d6 7. Bg5 a6 8.
Bxf6 gxf6 9. Na3 f5 10. Bc4 Qg5 11. Bd5 Nd4 12. exf5 Bxf5 13. Ne4 Qg6 14. Qd3
Be6 15. Bxe6 fxe6 16. Nc4 d5 17. Ned6+ Bxd6 18. Nxd6+ Ke7 19. Qxg6 hxg6 20. Nxb7
Nxc2+ 21. Kd2 Nxa1 22. Nc5 {White resigns} 0-1

[Event "Team 45 45 League T40"]
[Site "Internet Chess Club"]
[Date "2009.02.27"]
[Round "5"]
[White "nursey"]
[Black "quotha"]
[Result "0-1"]
[WhiteElo "1619"]
[BlackElo "1683"]
[Opening "Philidor: exchange variation"]
[ECO "C41"]
[Time "15:30:12"]
[TimeControl "2700+45"]

1. e4 e5 2. Nf3 d6 3. d4 exd4 4. Nxd4 Be7 5. Bc4 Nf6 6. Nc3 O-O 7. O-O Kh8 8.
Bf4 Nbd7 9. f3 Ne5 10. Bb5 a6 11. Be2 c5 12. Nb3 Ng6 13. Bg3 Nh5 14. Bf2 Be6 15.
Nd5 Nhf4 16. Nxf4 Nxf4 17. Be3 Nxe2+ 18. Qxe2 Bf6 19. c3 b5 20. Rad1 Bc4 21. Qd2
Bxf1 22. Kxf1 Be7 23. Bf4 c4 24. Nc1 Qb6 25. Bxd6 Rad8 26. e5 Rd7 27. Qf4 Bxd6
28. Rxd6 Rxd6 29. exd6 Kg8 30. d7 Qc6 31. Qf5 g6 32. Qg4 f5 33. Qd4 Rd8 34. Ke2
Qe6+ 35. Kf2 Rxd7 36. Qf4 Re7 37. g3 Kg7 38. g4 fxg4 39. Qd4+ Kg8 40. Qd8+ Re8
41. Qg5 gxf3 {White resigns} 0-1

[Event "Team 45 45 League T40"]
[Site "Internet Chess Club"]
[Date "2009.02.28"]
[Round "5"]
[White "pelayo"]
[Black "rayonline53"]
[Result "1/2-1/2"]
[WhiteElo "1701"]
[BlackElo "1485"]
[Opening "Réti opening"]
[ECO "A04"]
[Time "11:30:10"]
[TimeControl "2700+45"]

1. Nf3 g6 2. c4 Bg7 3. g3 Nf6 4. Bg2 e6 5. d4 d5 6. b3 O-O 7. Bb2 Nbd7 8. c5 c6
9. O-O Re8 10. Nc3 e5 11. dxe5 Ng4 12. b4 Ngxe5 13. Nd4 Nc4 14. Bc1 Qf6 15. e3
Nf8 16. Rb1 Ne6 17. Nce2 Ng5 18. b5 Bd7 19. h4 Ne6 20. bxc6 Bxc6 21. Nxe6 fxe6
22. Nd4 Qe7 23. Nb3 Qf6 24. Bd2 Nxd2 25. Qxd2 {Game drawn by mutual agreement}
1/2-1/2

[Event "Team 45 45 League T40"]
[Site "Internet Chess Club"]
[Date "2009.03.01"]
[Round "5"]
[White "markgravitygood"]
[Black "tsia68"]
[Result "1/2-1/2"]
[WhiteElo "1777"]
[BlackElo "1872"]
[Opening "Pirc: 150 attack"]
[ECO "B07"]
[Time "10:30:41"]
[TimeControl "2700+45"]

1. e4 d6 2. d4 Nf6 3. Nc3 g6 4. Be3 c6 5. Qd2 b5 6. Bd3 Nbd7 7. Nf3 Qc7 8. a4 b4
9. Ne2 c5 10. b3 Bb7 11. Ng3 h5 12. h4 Bg7 13. Ng5 Ng4 14. Bc4 O-O 15. Ne2 Ndf6
16. Bd3 a5 17. Rd1 Qb6 18. d5 Nxe3 19. Qxe3 Ng4 20. Qf4 Be5 21. Qf3 Bc8 22. g3
f5 23. O-O fxe4 24. Qxe4 Bf5 25. Qg2 Rf6 26. Bxf5 {Game drawn by mutual
agreement} 1/2-1/2

[Event "Team 45 45 League T40"]
[Site "Internet Chess Club"]
[Date "2009.02.27"]
[Round "5"]
[White "Portola"]
[Black "ShanghaiTom"]
[Result "0-1"]
[WhiteElo "1727"]
[BlackElo "1728"]
[Opening "King's Indian: Torre attack"]
[ECO "A48"]
[Time "23:00:42"]
[TimeControl "2700+45"]

1. d4 Nf6 2. Nf3 g6 3. Bg5 Bg7 4. Nbd2 O-O 5. e3 d6 6. Bd3 h6 7. Bh4 g5 8. Bg3
Nh5 9. c3 Nxg3 10. hxg3 Nc6 11. Nxg5 f5 12. Nh3 e5 13. d5 Ne7 14. e4 Ng6 15. Qe2
f4 16. O-O-O fxg3 17. fxg3 Nh8 18. Nf1 Nf7 19. Qh5 Ng5 20. Nxg5 Qxg5+ 21. Qxg5
hxg5 22. Ne3 Rf7 23. g4 Bd7 24. Be2 Raf8 25. Nf5 Bxf5 26. gxf5 Bf6 27. Bh5 Rh7
28. g4 Kg7 29. Rh2 Rfh8 30. a4 Kf8 31. b4 Ke7 32. c4 b6 33. Kc2 Kd8 34. Kc3 Kd7
35. b5 Ke7 36. Ra1 Kd8 37. a5 Ke7 38. axb6 axb6 39. Ra7 Rc8 40. Rha2 Kd8 41.
R2a6 Rg7 42. Rb7 Re7 43. Bg6 Rg7 44. Rba7 Re7 45. Ra8 Rg7 46. Rxc8+ Kxc8 47.
Ra8+ Kd7 48. Be8+ Ke7 49. Bc6 Rh7 50. Rc8 Rh3+ 51. Kb4 Re3 52. Rxc7+ Kd8 53.
Rd7+ Kc8 54. Rxd6 Be7 55. Bd7+ Kc7 56. Bc6 Bxd6+ 57. Ka4 Ra3# {White checkmated}
0-1

[Event "Team 45 45 League T40"]
[Site "Internet Chess Club"]
[Date "2009.02.27"]
[Round "5"]
[White "BraafPaard"]
[Black "tryanything"]
[Result "0-1"]
[WhiteElo "1553"]
[BlackElo "1668"]
[Opening "Scotch: Potter variation"]
[ECO "C45"]
[Time "16:00:11"]
[TimeControl "2700+45"]

1. e4 e5 2. Nf3 Nc6 3. d4 exd4 4. Nxd4 Bc5 5. Nb3 Bb6 6. a4 a5 7. Nc3 d6 8. Nd5
Ba7 9. Bb5 Ne7 10. Bg5 f6 11. Bh4 Ng6 12. Bg3 O-O 13. Bxc6 bxc6 14. Nxa5 Bxf2+
15. Bxf2 Rxa5 16. Nc3 Ba6 17. Qd2 Rg5 18. g3 Ne5 19. O-O-O Qb8 20. b3 Qb7 21.
Qd4 Rb8 22. Qa7 Kf7 23. Qxb7 Bxb7 24. Bd4 Ke6 25. Ne2 Nf3 26. Be3 Re5 27. Nc3 c5
28. Bf4 Rh5 29. h4 Ne5 30. Nb5 Rc8 31. Nc3 Ng4 32. Rde1 Nf2 33. Rh2 Ng4 34. Rhh1
Re8 35. Nb5 Kd7 36. Nc3 Nf2 37. Rh2 Ng4 38. Rhe2 h6 39. Nd5 g5 40. hxg5 hxg5 41.
Bd2 Bxd5 42. exd5 Rxe2 43. Rxe2 c6 44. c4 Ne5 45. Bc3 Rh1+ 46. Kc2 cxd5 47. cxd5
Rg1 48. Re3 Rg2+ 49. Kd1 Ng4 50. Rf3 f5 51. Ke1 Rg1+ 52. Ke2 Rg2+ 53. Kd1 Nf2+
54. Ke1 Ne4 55. Kf1 Rxg3 56. Rxg3 Nxg3+ 57. Kg2 Ne4 58. Be1 Nf6 59. a5 Nxd5
{White resigns} 0-1

[Event "Team 45 45 League T40"]
[Site "Internet Chess Club"]
[Date "2009.03.04"]
[Round "5"]
[White "clarinetref"]
[Black "jazzyrick"]
[Result "1-0"]
[WhiteElo "1645"]
[BlackElo "1524"]
[Opening "English: symmetrical, Benoni formation"]
[ECO "A31"]
[Time "22:10:44"]
[TimeControl "2700+45"]

1. Nf3 c5 2. c4 Nf6 3. d4 e6 4. g3 b6 5. Bg2 Bb7 6. e3 Be7 7. Nc3 O-O 8. O-O d6
9. Re1 Nbd7 10. e4 e5 11. d5 h6 12. Nh4 Nh7 13. Nf5 Ndf6 14. f4 exf4 15. Bxf4
Ne8 16. e5 Bg5 17. Ne4 Bxf4 18. gxf4 Bc8 19. Nfxd6 Nxd6 20. Nxd6 Qh4 21. Nxc8
Raxc8 22. Qf3 g5 23. Bh3 Rcd8 24. e6 fxe6 25. Bxe6+ Kg7 26. f5 Qxc4 27. Qc3+
Qxc3 28. bxc3 Rd6 29. a4 Nf6 30. c4 Nh5 31. a5 Nf4 32. axb6 axb6 33. Ra7+ Kf6
34. Rh7 h5 35. Rd7 Rxd7 36. Bxd7 Rd8 37. Bc6 Kxf5 38. Re7 Rb8 39. d6 Ne6 40. Bd7
Rd8 41. Bxe6+ Kf6 42. Bd5 Rxd6 43. Rf7+ Ke5 44. Rg7 Kf4 45. Kf2 b5 46. Rf7+ Kg4
47. Bf3+ Kh4 48. cxb5 c4 49. Rc7 Rf6 50. Ke3 {Black resigns} 1-0

[Event "Team 45 45 League T40"]
[Site "Internet Chess Club"]
[Date "2009.03.02"]
[Round "5"]
[White "primerpaso"]
[Black "azbycx"]
[Result "1-0"]
[WhiteElo "1821"]
[BlackElo "1793"]
[Opening "English: symmetrical, Rubinstein system"]
[ECO "A16"]
[Time "22:00:43"]
[TimeControl "2700+45"]

1. c4 Nf6 2. Nc3 d5 3. cxd5 Nxd5 4. g3 c5 5. Bg2 Nc7 6. Nf3 Nc6 7. O-O g6 8. d3
Bg7 9. Be3 Nd4 10. Rc1 O-O 11. Na4 Nce6 12. Nxc5 Nxf3+ 13. Bxf3 Nxc5 14. Rxc5
Bh3 15. Re1 Bxb2 16. Qb3 Bd4 17. Rd5 {Black resigns} 1-0

[Event "Team 45 45 League T40"]
[Site "Internet Chess Club"]
[Date "2009.03.02"]
[Round "5"]
[White "Rainbird"]
[Black "fishhead"]
[Result "1/2-1/2"]
[WhiteElo "1777"]
[BlackElo "1832"]
[Opening "English, 1...Nf6 (Anglo-Indian defense)"]
[ECO "A15"]
[Time "17:00:11"]
[TimeControl "2700+45"]

1. c4 Nf6 2. g3 g6 3. Bg2 Bg7 4. Nc3 d6 5. d3 Nbd7 6. e3 O-O 7. Nge2 e5 8. O-O
c6 9. Rb1 Qc7 10. b4 Re8 11. b5 c5 12. Bd2 Rb8 13. Qc2 Nf8 14. h3 Be6 15. a4 Qd7
16. Kh2 h6 17. a5 Re7 18. e4 g5 19. Qc1 Ng6 20. f4 gxf4 21. gxf4 exf4 22. Bxf4
Nxf4 23. Nxf4 Nh7 24. Nfd5 Ree8 25. Rg1 Kh8 26. b6 a6 27. Nc7 Rg8 28. Nxe6 fxe6
29. Ne2 Be5+ 30. Kh1 Ng5 31. h4 Qh7 32. Nf4 Rbe8 33. h5 Bxf4 34. Qxf4 Qe7 35. e5
dxe5 36. Qxe5+ Rg7 37. Rgf1 Rd8 38. Rbd1 Rd4 39. Rf4 Rxf4 40. Qxf4 e5 41. Qf5
Rf7 42. Qg4 Qd7 43. Qxd7 Rxd7 44. Bd5 Kg7 45. Kg2 Nh7 46. Rf1 Nf6 47. Kf3 Nxd5
48. cxd5 Rxd5 49. Ke4 Rd4+ 50. Kxe5 Rxd3 51. Rg1+ Kh7 52. Rf1 Kg7 53. Rg1+ Kh7
54. Rf1 Kg7 {Game drawn by repetition} 1/2-1/2

[Event "Team 45 45 League T40"]
[Site "Internet Chess Club"]
[Date "2009.02.28"]
[Round "5"]
[White "CREDITorDEBIT"]
[Black "SneakyRed"]
[Result "0-1"]
[WhiteElo "1731"]
[BlackElo "1951"]
[Opening "Caro-Kann: two knights, 3...Bg4"]
[ECO "B10"]
[Time "16:01:35"]
[TimeControl "2700+45"]

1. e4 c6 2. Nf3 d5 3. Nc3 Bg4 4. h3 Bxf3 5. Qxf3 e6 6. exd5 cxd5 7. Bb5+ Nc6 8.
O-O Nf6 9. d3 Rc8 10. Bg5 Be7 11. Rae1 O-O 12. Bxc6 Rxc6 13. Qd1 Bb4 14. Bd2 a6
15. a3 Be7 16. f4 Qb6+ 17. Kh1 Qxb2 18. Qb1 Bxa3 19. Qxb2 Bxb2 20. Na4 Ba3 21.
c3 b5 22. Ra1 Be7 23. Nb2 Nd7 24. f5 Bf6 25. d4 Ra8 26. g4 Nb6 27. g5 Be7 28. f6
Bf8 29. Nd3 Nc4 30. Be1 Bd6 31. Ra2 Ne3 32. Rf3 Nf5 33. h4 a5 34. h5 a4 35. Nf4
Bxf4 36. Rxf4 Rc4 37. Kg2 a3 38. Kf3 b4 39. cxb4 Nxd4+ 40. Kf2 Rc2+ 41. Rxc2
Nxc2 42. Bc3 a2 43. b5 a1=Q 44. Bxa1 Rxa1 45. Ke2 e5 46. Rf5 Nd4+ {White
resigns} 0-1